 Dungeon Crawl Stone Soup version 0.29.1-15-g9cfb28693d (webtiles) character file.

Game seed: 3640116647821150192

206 MacCMillion the Chopper (level 5, 45/45 HPs)
             Began as a Hill Orc Fighter on Feb 28, 2023.
             Quit the game on level 3 of the Dungeon.
             The game lasted 00:06:15 (3758 turns).

MacCMillion the Chopper (Hill Orc Fighter)          Turns: 3758, Time: 00:06:16

Health: 45/45      AC: 12    Str: 21    XL:     5   Next: 84%
Magic:  5/5        EV:  5    Int:  8    God:
Gold:   151        SH:  4    Dex: 10    Spells: 4/4 levels left

rFire   . . .      SeeInvis .   a - +0 war axe
rCold   . . .      Faith    .   c - +0 buckler
rNeg    . . .      Spirit   .   q - +0 plate armour
rPois   .          Reflect  .   j - +1 hat
rElec   .          Harm     .   (no cloak)
rCorr   .          Rampage  .   (no gloves)
Will    .....                   (no boots)
Stlth   ..........              (no amulet)
HPRegen 0.15/turn               (no ring)
MPRegen 0.09/turn               (no ring)

@: very slow
A: no striking features
a: no special abilities


You were on level 3 of the Dungeon.
You visited 1 branch of the dungeon, and saw 3 of its levels.

You collected 151 gold pieces.

Inventory:

Hand Weapons
 a - a +0 war axe (weapon)
Armour
 c - a +0 buckler (worn)
 j - a +1 hat (worn)
 q - a +0 plate armour (worn)
Wands
 n - a wand of polymorph (5)
 t - a wand of quicksilver (7)
Scrolls
 e - 2 scrolls of teleportation {unknown}
 g - 3 scrolls of identify {unknown}
 h - a scroll of noise {unknown}
 i - a scroll of torment {unknown}
 k - 2 scrolls of enchant weapon {unknown}
 o - a scroll of poison {unknown}
 s - a scroll of summoning {unknown}
Potions
 b - a potion of degeneration {unknown}
 d - a potion of might
 f - a potion of haste {unknown}
 l - a potion of attraction {unknown}
 m - a potion of invisibility {unknown}
 p - a potion of berserk rage {unknown}
 r - a potion of mutation {unknown}


   Skills:
 - Level 3.6 Fighting
 + Level 7.3 Axes
 - Level 3.2 Armour
 - Level 4.0 Shields


You had 4 spell levels left.
You didn't know any spells.
Your spell library contained the following spells:

 Spells                   Type           Power      Damage    Failure   Level
 Foxfire                  Conj/Fire      0%         2x1d4     100%        1
 Sting                    Tmut/Pois      0%         1d3       100%        1
 Ensorcelled Hibernation  Hex/Ice        0%         N/A       100%        2
 Poisonous Vapours        Pois/Air       0%         N/A       100%        2
 Conjure Flame            Conj/Fire      0%         6-21      100%        3
 Inner Flame              Hex/Fire       0%         N/A       100%        3
 Spider Form              Tmut/Pois      0%         N/A       100%        3
 Anguish                  Hex/Necr       0%         N/A       100%        4
 Flame Wave               Conj/Fire      0%         2d4       100%        4
 Olgreb's Toxic Radiance  Pois           0%         N/A       100%        4


Dungeon Overview and Level Annotations

Branches:
Dungeon (3/15)

Altars:
Nemelex Xobeh

Shops:
D:1 (


Message History

A giant cockroach is nearby!
A giant cockroach is nearby!
The giant cockroach bites you but does no damage.
Your unstable footing causes you to fumble your attack.
The giant cockroach bites you but does no damage.
You hit the giant cockroach.
You kill the giant cockroach!
No target in view!
A quokka comes into view.
A quokka is nearby!
The quokka closely misses you.
You barely miss the quokka.
The quokka bites you but does no damage.
You closely miss the quokka.
The quokka bites you but does no damage.
You block the quokka's attack.
You closely miss the quokka.
The quokka bites you but does no damage.
Your unstable footing causes you to fumble your attack.
The quokka bites you but does no damage. x2
You hit the quokka.
You kill the quokka!
No target in view!
A giant cockroach comes into view.
A giant cockroach is nearby!
A giant cockroach is nearby!
A giant cockroach is nearby!
You barely miss the giant cockroach.
The giant cockroach bites you but does no damage.
Your unstable footing causes you to fumble your attack.
The giant cockroach bites you but does no damage.
The giant cockroach splashes around in the water.
You slash the giant cockroach!
You kill the giant cockroach!
No target in view!
You see here a giant cockroach corpse.
Done exploring.
Done exploring.
Done exploring.
Are you sure you want to abandon this character and quit the game? (Confirm with "yes".)

.##.# #.#
#.############## .##.#
#.# #..............>
.##.# #.#####
####..############
..#.###.##~~####~~##.#
......#.#~~~~~~~~~~..#
.##.#.#.##~~####~~####
....#.#.##~##~~####
..#.#.#.##~#~~~~~~#
..###.#.##~#~.~~@~#
..#...#.##~##~~##†#
).#.###.##~~####~~##
..#.# #.#~~~~~~~~~~#
..#.# #.##~~####~~##
..#.# ####### ####
..#.# #.# ..#.# #.#
..#.# #.#


There were no monsters in sight!

Vanquished Creatures
  Natasha (thrice) (D:2)
  5 adders
  3 worms
  A dart slug (D:3)
  An orc (D:2)
  7 ball pythons
  5 bats
  7 endoplasms
  4 giant cockroaches
  5 goblins
  2 hobgoblins
  6 jackals
  5 kobolds
  4 quokkas
  5 frilled lizards
  14 rats
77 creatures vanquished.

Vanquished Creatures (others)
  4 plants (D:2)
4 creatures vanquished.

Grand Total: 81 creatures vanquished

Notes
Turn   | Place    | Note
-------+----------+-------------------------------------------
     0 | D:1      | MacCMillion the Hill Orc Fighter began the quest for the
                  | Orb.
     0 | D:1      | Reached XP level 1. HP: 19/19 MP: 1/1
   125 | D:1      | Reached skill level 3 in Axes
   177 | D:1      | Reached XP level 2. HP: 19/26 MP: 2/2
   577 | D:1      | Found Xyosmotz's Weapon Shoppe.
   924 | D:1      | Reached XP level 3. HP: 31/31 MP: 3/3
  1267 | D:2      | Reached skill level 4 in Axes
  1553 | D:2      | Noticed Natasha
  1568 | D:2      | Killed Natasha
  1569 | D:2      | Reached skill level 5 in Axes
  1569 | D:2      | Reached XP level 4. HP: 21/39 MP: 4/4
  1722 | D:2      | Noticed Natasha
  1731 | D:2      | Killed Natasha
  1920 | D:2      | Reached skill level 6 in Axes
  1920 | D:2      | Reached XP level 5. HP: 45/45 MP: 5/5
  1963 | D:2      | Noticed Natasha
  1976 | D:2      | Killed Natasha
  3113 | D:3      | Found a sparkling altar of Nemelex Xobeh.
  3130 | D:3      | Found a faded altar of an unknown god.
  3162 | D:3      | Reached skill level 7 in Axes
  3758 | D:3      | Quit the game

Illustrated notes

Levels and vault maps discovered:
D:1:      matt_arrival_debris, layout_loops_corners, serial_shops, shop
D:2:      layout_basic, serial_bayou_crossing, uniq_natasha
D:3:      layout_basic, nemelex_spade_bored_becter, gup_sewer_entry_bubbles,
          hellmonk_ecumenical_altar_arch_garden, st_stairs_14, chequers_garden

Skill      XL: |  1  2  3  4  5 |
---------------+----------------+-----
Axes           | 3 5 6 7 |  7.3
Shields        | 4 |  4.0
Fighting       | |  3.6
Armour         | |  3.2

Action                   |  1- 3 |  4- 6 || total
-------------------------+-------+-------++-------
Melee: War axe           |    86 |   108 ||   194
       Unarmed           |       |     8 ||     8
Armor: Scale mail        |    23 |    19 ||    42
       Plate armour      |       |    36 ||    36
Dodge: Dodged            |    30 |    43 ||    73
Block: Buckler           |    19 |    16 ||    35
